 Dungeon Crawl Stone Soup version 0.22.1-6-g1668fe2 (webtiles) character file.

63266 dvd the Cleaver (level 15, -12/79 HPs)
             Began as a Vine Stalker Gladiator on Jan 27, 2019.
             Was the Champion of Makhleb.
             Killed by divine providence
             ... invoked by an orc priest
             ... summoned by an orange crystal statue
              (13 damage)
             ... on level 1 of the Orcish Mines.
             The game lasted 00:50:49 (17036 turns).

dvd the Cleaver (Vine Stalker Gladiator)           Turns: 17036, Time: 00:50:51

Health: -12/79     AC: 40    Str: 22      XL:     15   Next: 9%
Magic:  0/19       EV:  9    Int:  0 (8)  God:    Makhleb [******]
Gold:   1288       SH: 14    Dex: 17      Spells: 12/14 levels left

rFire    . . .     SeeInvis .   a - +6 war axe (elec)
rCold    + . .     Gourm    .   G - +2 shield {reflect}
rNeg     + . .     Faith    .   H - +15 Maxwell's patent armour {-Cast -Tele rElec MR+ rCorr}
rPois    .         Spirit   +   v - +0 hat {MR+}
rElec    +         Reflect  +   I - +2 cloak {MR+}
rCorr    +         Harm     .   w - +2 pair of gloves
MR       +++++     NoTele   +   N - +0 pair of boots {Stlth+} Stlth ..........NoCast +
                                (no amulet)
HPRegen  1.03/turn              y - ring of protection from cold
MPRegen  0.16/turn              p - ring of positive energy

@: slowed, lost intelligence, very slow
A: fangs 3, talons 1, molten scales 1, magic resistance 1, regeneration 2, magic
shield, antimagic bite, no potion heal 3, rot immunity, MP-powered wands
a: Minor Destruction, Lesser Servant of Makhleb, Major Destruction, Greater
Servant of Makhleb, Renounce Religion


You were on level 1 of the Orcish Mines.
You worshipped Makhleb.
Makhleb was exalted by your worship.
You were not hungry.

You visited 4 branches of the dungeon, and saw 19 of its levels.
You also visited: Sewer, Bailey and Ice Cave.

You collected 1288 gold pieces.

Inventory:

Hand Weapons
 a - a +6 war axe of electrocution (weapon)
 n - a +2 broad axe of electrocution
 A - the +7 halberd of Nikaawnu {protect, rPois rN+}
   (You found it in an ice cave)

   It protects the one who uses it against injury (+AC on strike).
   It protects you from poison.
   It protects you from negative energy.
 C - the +9 flail "Reujer" {drain, rN+}
   (You found it on level 9 of the Dungeon)

   A truly terrible weapon, it drains the life of those it strikes.
   It protects you from negative energy.
 D - a +0 war axe of draining
 K - the +8 short sword "Suehimeu" {vamp, rPois MR+ Str-5 Int+4, unknown}
   (You found it on level 6 of the Lair of Beasts)

   It inflicts no extra harm, but heals its wielder when it wounds a living foe.
   It affects your strength (-5).
   It affects your intelligence (+4).
   It protects you from poison.
   It affects your resistance to hostile enchantments.
Missiles
 o - 20 javelins of returning (quivered)
 u - 6 silver javelins
Armour
 b - a +2 hat
 c - a +0 helmet
 h - the +4 ice dragon scales of the Iron City of Dis {rF- rC++ MR+}
   (You found it on level 9 of the Dungeon)

   It makes you vulnerable to fire.
   It greatly protects you from cold.
   It affects your resistance to hostile enchantments.
 v - a +0 hat of magic resistance (worn)
 w - a +2 pair of gloves (worn)
 x - a +0 large shield
 G - a +2 shield of reflection (worn)
 H - the +15 Maxwell's patent armour (worn) {-Cast -Tele rElec MR+ rCorr}
   (You found it on level 6 of the Lair of Beasts)

   It insulates you from electricity.
   It affects your resistance to hostile enchantments.
   It prevents spellcasting.
   It prevents most forms of teleportation.
   It provides partial protection from all sources of acid and corrosion.
 I - a +2 cloak of magic resistance (worn)
 N - a +0 pair of boots of stealth (worn)
Jewellery
 p - a ring of positive energy (right hand)
 t - an uncursed ring of resist corrosion
 y - a ring of protection from cold (left hand)
Wands
 q - a wand of iceblast (24)
 r - a wand of enslavement (23)
 B - a wand of flame (28)
 M - a wand of disintegration (12)
Scrolls
 e - 13 scrolls of remove curse
 g - 4 scrolls of amnesia
 j - 11 scrolls of identify
 m - 5 scrolls of teleportation
 s - 3 scrolls of magic mapping
 z - a scroll of summoning
 J - a scroll of fear
Potions
 d - a potion of haste
 i - 13 potions of curing
 k - 8 potions of brilliance
 l - 6 potions of flight
 E - 5 potions of might
 O - 2 potions of mutation
 P - a potion of lignification
Comestibles
 f - 30 rations


   Skills:
 + Level 9.3 Fighting
 + Level 13.3(13.7) Axes
 + Level 6.0(10.6) Maces & Flails
 + Level 1.8 Throwing
 * Level 10.8 Armour
 + Level 6.0 Dodging
 + Level 4.2 Stealth
 + Level 9.8 Shields
 + Level 4.7 Invocations
 + Level 0.5 Evocations


You had 12 spell levels left.
You knew the following spells:

 Your Spells              Type           Power        Failure   Level  Hunger
a - Blink                 Tloc           N/A          100%        2    ###....

Your spell library contained the following spells:

 Spells                   Type           Power        Failure   Level  Hunger
 Animate Skeleton         Necr           N/A          100%        1    ##.....
 Corona                   Hex            #......      100%        1    ##.....
 Magic Dart               Conj           #...         100%        1    ##.....
 Pain                     Necr           #...         100%        1    ##.....
 Call Imp                 Summ           #.......     100%        2    ###....
 Ensorcelled Hibernation  Hex/Ice        #.....       100%        2    ###....
 Searing Ray              Conj           #.....       100%        2    ###....
 Shroud of Golubria       Chrm/Tloc      #.........   100%        2    ###....
 Slow                     Hex            #.......     100%        2    ###....
 Song of Slaying          Chrm           #.......     100%        2    ###....
 Sublimation of Blood     Necr           #.........   100%        2    ###....
 Confuse                  Hex            #.......     100%        3    ####...
 Conjure Flame            Conj/Fire      #.......     100%        3    ####...
 Dazzling Spray           Conj/Hex       #.....       100%        3    ####...
 Mephitic Cloud           Conj/Pois/Air  #.......     100%        3    ####...
 Regeneration             Chrm/Necr      #.........   100%        3    ####...
 Tukima's Dance           Hex            #.......     100%        3    ####...
 Vampiric Draining        Necr           #.........   100%        3    ####...
 Animate Dead             Necr           N/A          100%        4    #####..
 Force Lance              Conj/Tloc      #.......     100%        4    #####..
 Fulminant Prism          Conj/Hex       #.........   100%        4    #####..
 Iskenderun's Mystic Bla  Conj           #.......     100%        4    #####..


Dungeon Overview and Level Annotations

Branches:
Dungeon (11/15)            Temple (1/1) D:4            Lair (6/6) D:8
  Swamp (0/4) Lair:3        Snake (0/4) Lair:3        Slime (0/5) Lair:6
    Orc (1/2) D:9

Altars:
Ashenzari
Fedhas
Gozag
Kikubaaqudgha
Makhleb
Nemelex Xobeh
Qazlal
Ru
Trog
Vehumet
Wu Jian
Xom
Zin
The Shining One
Jiyva

Annotations:
Lair:1 1 runed door, Ylolun's ghost, novice MiFi
Lair:4 Rupert
Orc:1 1 runed door, exclusion: 3 orange crystal statues


Innate Abilities, Weirdness & Mutations

You have razor-sharp teeth.
You heal very quickly.
When hurt, damage is shared between your health and your magic reserves.
Your bite disrupts and absorbs the magic of your enemies.
Potions cannot restore your health.
You are immune to rotting.
You have sharp toenails.
You are partially covered in molten scales. (AC +2)
You are resistant to hostile enchantments. (MR+)
You expend magic power (3 MP) to strengthen your wands.


Message History

Unknown command.
You closely miss the orc sorcerer. Your bite misses the orc sorcerer.
You closely miss the sixfirhy.
Your shield and Maxwell's patent armour prevent you from hitting the orc The sixfirhy hits you but does no damage. x2
The sixfirhy hits you. The sixfirhy shocks you. You resist.
The sixfirhy hits you but does no damage.
You block the orange demon's attack.
The sixfirhy hits you but does no damage.
The orc warrior hits you with a scimitar.
The orc sorcerer gestures at you while chanting.
The bolt of fire hits you!
* * * LOW HITPOINT WARNING * * *
The orange crystal statue fixes its piercing gaze on you.
Something tries to feed on your intellect!
The orc wizard mumbles some strange words.
The orc wizard seems to speed up.
The orc priest invokes the aid of Beogh against you.
Beogh smites you!
You die...

... ####+#### ..
#8.....8#
..#.#...#.# .
.#o.oO..$#.##...
#ohooo..#.$...>
#hoooo..#$....
#3#oho#.#$$.#
#.@oooo8#.$.#
#..####4####..#
..............##
#....#o........# #
##..$.#.#.....##.##
###.###..........#
### ###.##<##.##
#.#### # ...


You could see 3 orange crystal statues, an orc knight, an orange demon, a
sixfirhy, 2 wargs, an orc sorcerer, 4 orc warriors, an ogre, an orc priest, an
orc wizard and 7 orcs.

Vanquished Creatures
  Gastronok (Lair:1)
  A frost giant (IceCv)
  Snorg (Orc:1)
  Fannar (Lair:1)
  Harold (D:7)
  Erica (D:8)
  4 hydras
  5 two-headed ogres
  3 death yaks (Lair:6)
  A tengu warrior (D:11)
  Urug (Lair:4)
  The ghost of Ancalimex the Thaumaturge, a novice DEEE of Sif Muna (D:9)
  An orange crystal statue (Orc:1)
  6 black mambas
  An ice statue (IceCv)
  Joseph (D:9)
  Psyche (D:8)
  25 spiny frogs
  6 komodo dragons
  A torpor snail (Lair:3)
  3 trolls
  14 polar bears
  27 blink frogs
  3 tyrant leeches (Lair:6)
  Grinder (D:4)
  7 hippogriffs
  3 bog bodies (Lair:3)
  11 dream sheep
  A wyvern (Lair:5)
  20 yaks
  2 basilisks (Lair:3)
  Grum (D:8)
  4 hungry ghosts
  6 vampire mosquitoes (Lair:6)
  A swamp worm (Lair:3)
  8 water moccasins
  5 porcupines
  A black bear (D:10)
  3 phantoms
  A hornet zombie (D:10)
  4 ice beasts
  2 sky beasts
  17 orc warriors
  10 ogres
  20 wolves
  8 centaurs
  Blork the orc (D:4)
  6 crocodiles
  6 big kobolds
  8 gnoll sergeants
  25 bullfrogs
  2 scorpions
  11 killer bees
  2 electric eels
  A howler monkey (D:10)
  5 crimson imps
  2 bullfrog skeletons
  3 centaur zombies
  7 jellies
  3 hounds
  4 orc priests
  9 orc wizards
  2 hell rats (Lair:2)
  An iguana (D:11)
  5 worker ants
  A statue (D:7)
  9 gnolls
  A howler monkey skeleton (D:8)
  25 adders
  16 river rats
  4 shadow imps
  12 white imps (D:11)
  9 oozes
  An adder zombie (D:6)
  4 worms
  2 dart slugs
  7 leopard geckos
  56 orcs
  8 ball pythons
  4 bats
  3 giant cockroaches
  4 hobgoblins
  19 jackals
  75 kobolds
  7 quokkas
  10 frilled lizards
  6 goblins
  A jackal skeleton (D:6)
  38 rats
  3 fungi
  14 plants
688 creatures vanquished.

Vanquished Creatures (collateral kills)
  A black mamba (Lair:6)
  A tyrant leech (Lair:6)
  A blink frog (Lair:6)
  A water moccasin (Lair:6)
  3 centaurs (Bailey)
  An electric eel (Lair:6)
  4 orcs (Bailey)
12 creatures vanquished.

Vanquished Creatures (others)
  3 centaurs
  An orc wizard (D:11)
  6 fungi
  31 plants
41 creatures vanquished.

Grand Total: 741 creatures vanquished

Notes
Turn   | Place    | Note
-------+----------+-------------------------------------------
     0 | D:1      | dvd the Vine Stalker Gladiator began the quest for the Orb.
     0 | D:1      | Reached XP level 1. HP: 11/11 MP: 2/2
    18 | D:1      | Reached skill level 3 in Axes
    18 | D:1      | Reached XP level 2. HP: 14/15 MP: 3/3
   863 | D:2      | Reached XP level 3. HP: 10/18 MP: 1/4
  1328 | D:2      | Reached skill level 1 in Stealth
  1361 | D:2      | Gained mutation: Your natural rate of healing is unusually
                  | fast. [Vine Stalker growth]
  1361 | D:2      | Reached XP level 4. HP: 9/23 MP: 1/5
  1408 | D:2      | Noticed a phantom
  1439 | D:2      | Killed a phantom
  1439 | D:2      | Reached skill level 4 in Axes
  1439 | D:2      | Reached skill level 1 in Armour
  1439 | D:2      | Reached XP level 5. HP: 9/26 MP: 2/6
  2240 | D:3      | Found a bloodstained altar of Trog.
  2390 | D:3      | Reached XP level 6. HP: 32/32 MP: 7/7
  3239 | D:4      | Found a staircase to the Ecumenical Temple.
  3251 | Temple   | Entered the Ecumenical Temple
  3279 | Temple   | Became a worshipper of Makhleb the Destroyer
  3515 | D:4      | Noticed Blork the orc
  3523 | D:4      | Killed Blork the orc
  3523 | D:4      | Reached skill level 5 in Axes
  3523 | D:4      | Reached XP level 7. HP: 30/35 MP: 6/8
  3574 | D:4      | Noticed Grinder
  3595 | D:4      | Killed Grinder
  3595 | D:4      | Reached skill level 1 in Shields
  3811 | D:4      | Reached * piety under Makhleb
  4375 | D:5      | Entered Level 5 of the Dungeon
  4516 | D:5      | Reached skill level 6 in Axes
  4516 | D:5      | Gained mutation: You have razor-sharp teeth. [Vine Stalker
                  | growth]
  4516 | D:5      | Reached XP level 8. HP: 40/40 MP: 7/9
  4850 | D:5      | Reached skill level 1 in Maces & Flails
  5063 | D:6      | Reached ** piety under Makhleb
  5135 | D:6      | Found a glowing drain.
  5158 | Sewer    | Entered a sewer
  5403 | Sewer    | Reached *** piety under Makhleb
  5528 | Sewer    | Gained mutation: You are partially covered in icy blue
                  | scales. (AC +2) [potion of mutation]
  5528 | Sewer    | Gained mutation: You tend to lose your temper in combat.
                  | [potion of mutation]
  5528 | Sewer    | Gained mutation: Scrolls take you a little longer to read.
                  | [potion of mutation]
  5528 | Sewer    | Gained mutation: Your mind is acute. (Int +2) [potion of
                  | mutation]
  5529 | Sewer    | Lost mutation: Your mind is acute. (Int +2) [potion of
                  | mutation]
  5529 | Sewer    | Lost mutation: Scrolls take you a little longer to read.
                  | [potion of mutation]
  5529 | Sewer    | Lost mutation: You are partially covered in icy blue
                  | scales. (AC +2) [potion of mutation]
  5529 | Sewer    | Gained mutation: Your mind is acute. (Int +2) [potion of
                  | mutation]
  5529 | Sewer    | Gained mutation: You have sharp toenails. [potion of
                  | mutation]
  5835 | D:6      | Reached XP level 9. HP: 27/45 MP: 8/10
  6169 | D:6      | Learned a level 2 spell: Blink
  6445 | D:7      | Reached **** piety under Makhleb
  6485 | D:7      | Found a flagged portal.
  6485 | D:7      | Noticed Harold
  6506 | D:7      | Killed Harold
  6551 | D:7      | Found a radiant altar of Vehumet.
  6561 | Bailey   | Entered a bailey
  6693 | Bailey   | Reached XP level 10. HP: 33/51 MP: 8/11
  6823 | Bailey   | Reached skill level 5 in Maces & Flails
  7098 | Bailey   | Reached skill level 5 in Shields
  7157 | Bailey   | Reached skill level 5 in Armour
  7339 | Bailey   | Identified the Disquisition on Aid and Black Magic
  7520 | D:7      | Reached skill level 5 in Fighting
  7520 | D:7      | Reached skill level 7 in Axes
  7520 | D:7      | Reached skill level 5 in Dodging
  7520 | D:7      | Reached XP level 11. HP: 56/56 MP: 11/14
  7956 | D:7      | Reached ***** piety under Makhleb
  7994 | D:8      | Found a staircase to the Lair.
  8028 | D:8      | Noticed a two-headed ogre
  8033 | D:8      | Noticed Psyche
  8043 | D:8      | Killed Psyche
  8043 | D:8      | Killed a two-headed ogre
  8052 | D:8      | Found an opulent altar of Gozag.
  8061 | D:8      | Noticed a two-headed ogre
  8065 | D:8      | Reached skill level 8 in Axes
  8071 | D:8      | Killed a two-headed ogre
  8291 | D:8      | Noticed Grum
  8293 | D:8      | Noticed Erica
  8304 | D:8      | Killed Erica
  8308 | D:8      | Killed Grum
  8579 | D:9      | Found a viscous altar of Jiyva.
  8591 | D:9      | Found a runed door.
  8596 | D:9      | Noticed Ancalimex's ghost (novice DEEE)
  8614 | D:9      | Killed Ancalimex's ghost
  8621 | D:9      | Got scorched ice dragon scales
  8632 | D:9      | Identified the +4 ice dragon scales of the Iron City of Dis
                  | {rF- rC++ MR+} (You found it on level 9 of the Dungeon)
  8683 | D:9      | Gained mutation: You heal very quickly. [Vine Stalker
                  | growth]
  8683 | D:9      | Reached XP level 12. HP: 58/61 MP: 11/15
  8909 | D:9      | Found a staircase to the Orcish Mines.
  8985 | D:9      | Found a glowing golden altar of the Shining One.
  8992 | D:9      | Got a warped flail
  8993 | D:9      | Identified the +9 flail "Reujer" {drain, rN+} (You found it
                  | on level 9 of the Dungeon)
  9002 | D:9      | You fall through a shaft for 2 floors!
  9042 | D:11     | Noticed a tengu warrior
  9055 | D:11     | Killed a tengu warrior
  9055 | D:11     | Reached skill level 9 in Axes
  9149 | D:11     | Noticed a two-headed ogre
  9158 | D:11     | Killed a two-headed ogre
  9187 | D:11     | Found a frozen archway.
  9193 | D:11     | Reached ****** piety under Makhleb
  9216 | IceCv    | Entered an ice cave
  9308 | IceCv    | Lost mutation: You tend to lose your temper in combat.
                  | [potion of mutation]
  9308 | IceCv    | Lost mutation: Your mind is acute. (Int +2) [potion of
                  | mutation]
  9308 | IceCv    | Gained mutation: Your body sometimes deteriorates upon
                  | taking damage. [potion of mutation]
  9308 | IceCv    | Gained mutation: Your muscles are strong. (Str +2) [potion
                  | of mutation]
  9308 | IceCv    | Gained mutation: You are clumsy. (Dex -2) [potion of
                  | mutation]
  9308 | IceCv    | Gained mutation: You expend magic power (3 MP) to
                  | strengthen your wands. [potion of mutation]
  9309 | IceCv    | Lost mutation: Your muscles are strong. (Str +2) [potion of
                  | mutation]
  9309 | IceCv    | Lost mutation: You are clumsy. (Dex -2) [potion of
                  | mutation]
  9309 | IceCv    | Lost mutation: Your body sometimes deteriorates upon taking
                  | damage. [potion of mutation]
  9309 | IceCv    | Gained mutation: You are resistant to hostile enchantments.
                  | (MR+) [potion of mutation]
  9309 | IceCv    | Gained mutation: You are partially covered in molten
                  | scales. (AC +2) [potion of mutation]
  9431 | IceCv    | Reached skill level 10 in Axes
  9482 | IceCv    | Noticed a frost giant
  9498 | IceCv    | Killed a frost giant
  9503 | IceCv    | Reached XP level 13. HP: 67/67 MP: 17/17
  9562 | IceCv    | Got an ancient halberd
  9563 | IceCv    | Identified the +7 halberd of Nikaawnu {protect, rPois rN+}
                  | (You found it in an ice cave)
 10371 | D:10     | Entered Level 10 of the Dungeon
 10517 | D:10     | Reached skill level 11 in Axes
 11498 | D:9      | Noticed Joseph
 11507 | D:9      | Killed Joseph
 11654 | Lair:1   | Entered Level 1 of the Lair of Beasts
 11683 | Lair:1   | Identified a scroll of acquirement
 12175 | Lair:1   | Found a runed door.
 12175 | Lair:1   | Found a shimmering altar of Xom.
 12175 | Lair:1   | Noticed Ylolun's ghost (novice MiFi)
 12355 | Lair:1   | Noticed Fannar
 12385 | Lair:1   | Killed Fannar
 12393 | Lair:1   | Noticed Gastronok
 12408 | Lair:1   | Killed Gastronok
 13292 | Lair:2   | Reached XP level 14. HP: 73/73 MP: 18/18
 13706 | Lair:3   | Found a staircase to the Snake Pit.
 13723 | Lair:3   | Found a blossoming altar of Fedhas.
 14027 | Lair:3   | Reached skill level 12 in Axes
 14299 | Lair:3   | Found a staircase to the Swamp.
 14580 | Lair:4   | Reached skill level 10 in Armour
 14610 | Lair:4   | Noticed Urug
 14629 | Lair:4   | Killed Urug
 14769 | Lair:4   | Noticed Rupert
 15836 | Lair:6   | Entered Level 6 of the Lair of Beasts
 15836 | Lair:6   | Found a staircase to the Slime Pits.
 15836 | Lair:6   | Found a viscous altar of Jiyva.
 16014 | Lair:6   | Reached skill level 13 in Axes
 16248 | Lair:6   | Reached XP level 15. HP: 79/79 MP: 19/19
 16358 | Lair:6   | Found the +15 Maxwell's patent armour {-Cast -Tele rElec
                  | MR+ rCorr}
 16383 | Lair:6   | Got a warped short sword
 16997 | Orc:1    | Entered Level 1 of the Orcish Mines
 16997 | Orc:1    | Found a runed door.
 16997 | Orc:1    | Noticed Snorg
 17008 | Orc:1    | Killed Snorg
 17018 | Orc:1    | Found the +10 large shield of Ignorance {rN+ Int-4}
 17019 | Orc:1    | Found a runed door.
 17033 | Orc:1    | Lost intelligence.
 17036 | Orc:1    | HP: 1/79 [orc sorcerer/bolt of fire[an orange crystal
                  | statue] (24)]
 17036 | Orc:1    | Killed from afar by an orc priest

Skill      XL: |  1  2  3  4  5  6  7  8  9 10 11 12 13 14 |
---------------+-------------------------------------------+-----
Axes           | 3 4 5 6 7 8 10 11 13 | 13.3
Fighting       | 2 3 4 5 6 7 8 9 |  9.3
Stealth        | 1 2 3 4 |  4.2
Armour         | 1 2 3 4 6 7 8 9 10 | 10.8
Dodging        | 3 4 5 6 |  6.0
Shields        | 1 3 4 6 7 8 9 |  9.8
Maces & Flails | 2 4 5 6 |  6.0
Invocations    | 3 4 |  4.7
Throwing       | |  1.8
Evocations     | |  0.5

Action                   |  1- 3 |  4- 6 |  7- 9 | 10-12 | 13-15 || total
-------------------------+-------+-------+-------+-------+-------++-------
Melee: War axe           |    68 |   150 |   202 |   310 |   649 ||  1379
       Bite              |    16 |    41 |   122 |   165 |   268 ||   612
       Flail             |       |       |   219 |   138 |    20 ||   377
Throw: Throwing net      |       |       |       |     1 |       ||     1
Invok: Minor Destruction |       |       |     4 |    18 |    12 ||    34
Evoke: Wand              |       |       |     3 |     4 |     6 ||    13
  Use: Scroll            |       |     1 |     1 |    15 |    11 ||    28
       Potion            |       |       |    11 |     6 |     3 ||    20
 Stab: Sleeping          |     4 |     8 |     1 |       |       ||    13
       Distracted        |       |     2 |       |       |       ||     2
  Eat: Chunk             |     1 |     7 |     8 |    12 |    23 ||    51
       Ration            |       |       |     1 |       |     1 ||     2
Armor: Leather armour    |    11 |    18 |       |       |       ||    29
       Ring mail         |       |    28 |   179 |    10 |       ||   217
       Crystal plate arm |       |       |       |   249 |   481 ||   730
       Ice dragon scales |       |       |       |    57 |     7 ||    64
       Plate armour      |       |       |       |       |    21 ||    21
Dodge: Dodged            |    65 |    91 |   142 |   103 |   114 ||   515
Block: Large shield      |       |    18 |   380 |   347 |       ||   745
       Shield            |       |       |       |    92 |   458 ||   550
       Reflection        |       |       |       |     1 |     9 ||    10
